 Dungeon Crawl Stone Soup version 0.27.0-1-g7a089689b8 (webtiles) character file.

Game seed: 2824365035746627517

265 Cruella the Bolt Thrower (level 6, 0/46 HPs)
             Began as a Barachi Hunter on Aug 10, 2021.
             Slain by a gnoll (12 damage)
             ... on level 4 of the Dungeon.
             The game lasted 00:18:19 (3303 turns).

Cruella the Bolt Thrower (Barachi Hunter)           Turns: 3303, Time: 00:18:19

Health: 0/46       AC:  3    Str: 13    XL:     6   Next: 20%
Magic:  6/6        EV: 12    Int: 11    God:
Gold:   59         SH:  0    Dex: 15    Spells: 5/5 levels left

rFire    . . .     SeeInvis .   b - +2 short sword (venom)
rCold    . . .     Faith    .   (no shield)
rNeg     . . .     Spirit   .   c - +0 leather armour
rPois    .         Reflect  .   (no helmet)
rElec    .         Harm     .   (no cloak)
rCorr    .         Rampage  .   (no gloves)
Will     +....                  (no boots)
Stlth    ++........             (no amulet)
HPRegen  0.15/turn              j - ring of willpower
MPRegen  0.10/turn              (no ring)

@: slow
A: amphibious, slowness 1, strong legs 1, +LOS
a: Hop


You were on level 4 of the Dungeon.
You visited 1 branch of the dungeon, and saw 4 of its levels.

You collected 163 gold pieces.
You spent 104 gold pieces at shops.

Inventory:

Hand Weapons
 a - a +1 hand crossbow
 b - a +2 short sword of venom (weapon)
 f - a +0 whip
 g - a +0 short sword
 i - a +0 club
 s - a +0 spear
Missiles
 d - 15 bolts
 r - 7 boomerangs (quivered)
 v - a throwing net
 w - 24 sling bullets
Armour
 c - a +0 leather armour (worn)
Jewellery
 j - a ring of willpower (left hand)
Scrolls
 e - 3 scrolls of teleportation
 k - 3 scrolls of noise {unknown}
 l - a scroll of acquirement {unknown}
 m - 3 scrolls of identify {unknown}
 o - a scroll of silence {unknown}
 p - a scroll of fog
 q - a scroll of brand weapon {unknown}
Potions
 h - a potion of flight {unknown}
 n - 4 potions of curing
 t - a potion of mutation {unknown}
 u - 2 potions of cancellation {unknown}


   Skills:
 - Level 2.5 Fighting
 * Level 4.3 Short Blades
 - Level 4.6 Crossbows
 - Level 0.9 Armour
 - Level 3.0 Dodging
 + Level 2.8 Stealth


You had 5 spell levels left.
You didn't know any spells.
Your spell library contained the following spells:

 Spells                   Type           Power      Damage    Failure   Level
 Animate Skeleton         Necr           0%         N/A       41%         1
 Pain                     Necr           0%         1d4       41%         1
 Vampiric Draining        Necr           0%         2d6       80%         3


Dungeon Overview and Level Annotations

Branches:
Dungeon (4/15)
 Temple: D:4-7

Altars:
Uskayaw

Shops:
D:1 ?   D:2 !


Innate Abilities, Weirdness & Mutations

You are amphibious.
You cover ground slowly.
You can hop short distances.
You have an extended range of vision and can be seen from far away.


Message History

The adder is severely wounded.
You kill the adder!
You see here an adder corpse.
Found a stone staircase leading up.
You now have 59 gold pieces (gained 14).
There is a stone staircase leading up here.
Found an escape hatch in the ceiling. 2 gnolls come into view.
The gnoll shouts!
A gnoll comes into view. It is wielding a +0 whip.
Found 14 gold pieces.
Found a hide-covered altar of Uskayaw.
A goblin comes into view. It is wielding a +0 dagger.
Press: ? - help, v - describe, . - travel
Here: a gnoll, wielding a +0 halberd The floor.
You closely miss the gnoll. You barely miss the gnoll.
The gnoll closely misses you.
You hit the gnoll.
The gnoll is moderately wounded.
The gnoll barely misses you.
You hit the gnoll.
The gnoll is moderately wounded.
The gnoll hits you with a +0 halberd!
You hit the gnoll.
The gnoll is heavily wounded.
The gnoll hits you with a +0 halberd!
You hit the gnoll but do no damage.
The gnoll is poisoned.
The gnoll is heavily wounded.
The gnoll closely misses you.
You closely miss the gnoll.
The gnoll is heavily wounded.
The gnoll hits you with a +0 halberd!
* * * LOW HITPOINT WARNING * * *
Press: ? - help, v - describe, . - travel
Here: a gnoll, wielding a +0 halberd (heavily wounded, very poisoned)
The floor, spattered with blood.
Unknown command.
The gnoll completely misses you.
The gnoll hits you from afar with a +0 halberd!
You die...

......<.....# ###
######..###.... ....
##.###### .....
#.†....######### #.....
######.........####....#
#########.##.....#
#####.......# #.##
#..g.......## #...#
#@####.###..### .....
#...##...# #...###
#####. ....###.g###
###)...# ..$.#.
#.######.######.).####
.$..#... ##...##...)<###
._..#..# ##..##...#####
....#...###<.###.###
....#.......###..#
#+###...##### ##


You could see a gnoll (poisoned).

Vanquished Creatures
  A scorpion (D:4)
  A jelly (D:4)
  Jessica (D:2)
  Ijyb (D:4)
  3 adders
  3 dart slugs
  5 orcs (D:3)
  4 ball pythons
  5 bats
  7 endoplasms
  2 giant cockroaches
  7 goblins
  7 hobgoblins
  13 jackals
  3 quokkas
  3 frilled lizards (D:1)
  8 kobolds
  9 rats
83 creatures vanquished.

Notes
Turn   | Place    | Note
-------+----------+-------------------------------------------
     0 | D:1      | Cruella the Barachi Hunter began the quest for the Orb.
     0 | D:1      | Reached XP level 1. HP: 17/17 MP: 1/1
    92 | D:1      | Reached XP level 2. HP: 1/23 MP: 2/2
   633 | D:1      | Reached XP level 3. HP: 28/28 MP: 3/3
   859 | D:1      | Reached skill level 1 in Stealth
   863 | D:1      | Reached skill level 1 in Short Blades
   980 | D:1      | Found Muwoot's Magic Scroll Emporium.
   995 | D:1      | Bought a scroll of teleportation for 39 gold pieces
  1255 | D:2      | Noticed Jessica
  1274 | D:2      | Killed Jessica
  1275 | D:2      | Reached XP level 4. HP: 24/34 MP: 4/4
  1316 | D:2      | Found Gepuakha's Distillery.
  1601 | D:1      | Bought a scroll of fog for 26 gold pieces
  2271 | D:3      | Reached XP level 5. HP: 39/39 MP: 5/5
  2419 | D:3      | Found a faded altar of an unknown god.
  2795 | D:2      | Bought a potion of curing for 39 gold pieces
  3014 | D:4      | Noticed Ijyb
  3029 | D:4      | Killed Ijyb
  3030 | D:4      | Reached XP level 6. HP: 31/46 MP: 6/6
  3279 | D:4      | Found a hide-covered altar of Uskayaw.
  3303 | D:4      | Slain by a gnoll

Illustrated notes

Levels and vault maps discovered:
D:1:      lemuel_arrival_behind_the_door_small, layout_basic, serial_shops,
          shop, minmay_statues_item, hex_tiny, item_on_display_a
D:2:      layout_loops_ring, serial_shops, shop_statue, uniq_jessica
D:3:      layout_rooms, dreamdust_ecumenical_altar_statues, feat_on_display
D:4:      layout_rooms, amcnicky_altar_gilded, minmay_temple_entry_nine_rooms,
          kennysheep_generic_room_16, uniq_ijyb, uniq_menkaure, uniq_duvessa,
          uniq_edmund

Skill      XL: |  1  2  3  4  5 |
---------------+----------------+-----
Stealth        | 1 2 |  2.8
Short Blades   | 2 4 |  4.3
Dodging        | 3 |  3.0
Fighting       | |  2.5
Crossbows      | |  4.6
Armour         | |  0.9

Action                   |  1- 3 |  4- 6 || total
-------------------------+-------+-------++-------
Melee: Short sword       |    66 |   139 ||   205
 Fire: Hand crossbow     |    22 |    16 ||    38
 Stab: Sleeping          |     2 |       ||     2
Armor: Leather armour    |    23 |    30 ||    53
Dodge: Dodged            |    65 |    94 ||   159
